 Dungeon Crawl Stone Soup version 0.27.1-33-g824d729ab1 (webtiles) character file.

Game seed: 186661667193313042

184 Atelerd the Digger (level 5, -4/31 HPs)
             Began as an Octopode Earth Elementalist on Dec 21, 2021.
             Succumbed to Crazy Yiuf's poison
             ... on level 3 of the Dungeon.
             The game lasted 00:03:10 (4391 turns).

Atelerd the Digger (Octopode Earth Elementalist)    Turns: 4391, Time: 00:03:10

Health: -4/31      AC:  1    Str:  7 (8)  XL:     5   Next: 64%
Magic:  2/10       EV: 13    Int: 23 (24) God:
Gold:   144        SH:  0    Dex: 10 (12) Spells: 6/11 levels left

rFire    . . .     SeeInvis .   j - +1 dagger (speed)
rCold    . . .     Faith    .   (no shield)
rNeg     . . .     Spirit   .   (helmet restricted)
rPois    .         Reflect  .   (no amulet)
rElec    .         Harm     .   e - +6 ring of intelligence
rCorr    .         Rampage  .   (no ring)
Will     .....                  (no ring)
Stlth    +++.......             (no ring)
HPRegen  0.10/turn              (no ring)
MPRegen  0.12/turn              (no ring)
                                (no ring)
                                (no ring)

@: lethally poisoned (-4 -> -31), very slightly contaminated
A: almost no armour, amphibious, 8 rings, camouflage 1, gelatinous body 1,
(nimble swimmer 1), tentacles
a: no special abilities


You were on level 3 of the Dungeon.
You visited 1 branch of the dungeon, and saw 3 of its levels.

You collected 144 gold pieces.

Inventory:

Hand Weapons
 j - a +1 dagger of speed (weapon)
Missiles
 m - 88 stones
Jewellery
 b - a ring of fire
 e - a +6 ring of intelligence (left tentacle)
Wands
 h - a wand of digging (8)
Scrolls
 c - 4 scrolls of identify {unknown}
 d - a scroll of summoning {unknown}
 k - a scroll of teleportation {unknown}
 l - a scroll of noise {unknown}
 n - a scroll of amnesia {unknown}
Potions
 a - a potion of curing {unknown}
 f - a potion of cancellation {unknown}
 i - a potion of mutation {unknown}


   Skills:
 - Level 2.0 Dodging
 - Level 2.6 Stealth
 + Level 3.7 Spellcasting
 - Level 2.0 Transmutations
 + Level 4.6 Earth Magic


You had 6 spell levels left.
You knew the following spells:

 Your Spells              Type           Power      Damage    Failure   Level
a - Sandblast             Erth           50%        2d12      1%          1
p - Petrify               Tmut/Erth      19%        N/A       26%         4

Your spell library contained the following spells:

 Spells                   Type           Power      Damage    Failure   Level
 Passwall                 Tmut/Erth      15%        N/A       4%          2
 Stone Arrow              Conj/Erth      28%        3d8       12%         3


Dungeon Overview and Level Annotations

Branches:
Dungeon (3/15)

Altars:
Wu Jian
Xom

Shops:
D:1 (   D:3 :

Annotations:
D:3 2 runed translucent doors, Crazy Yiuf


Innate Abilities, Weirdness & Mutations

You cannot wear most types of armour.
You are amphibious.
You can wear up to eight rings at the same time.
Your skin changes colour to match your surroundings (Stealth+).
Your rubbery body absorbs attacks. (AC +1, EV +1)
((You are camouflaged near water. (Stealth+)))
You have tentacles for arms and can constrict up to eight enemies at once.


Message History

This spell is extremely dangerous to cast!
Memorise Petrify, consuming 4 spell levels and leaving 6?
You start memorising the spell.
You continue memorising. x4
You finish memorising.
Spell assigned to 'b'.
Adjust (i)tems, (s)pells, or (a)bilities?
Adjust which spell? b - Petrify Adjust to which letter? p - Petrify Crazy Yiuf grits, "Trifle light disdain!"
You open the door.
Casting: Sandblast (safe; 1% risk of failure)
Confirm with . or Enter, or press ? or * to list all spells.
The spell is extremely dangerous to cast (26% risk of failure)!
Continue anyway?
Aiming: Petrify (extremely dangerous; 26% risk of failure)
Press: ? - help, Shift-Dir - straight line, f - Crazy Yiuf
Aim: Crazy Yiuf, wielding a +3 quarterstaff of chaos and wearing a +0 cloak (chance to affect: 59%)
You miscast Petrify.
You are very lightly contaminated with residual magic.
Nothing appears to happen.
Crazy Yiuf hits you with a +3 quarterstaff of chaos!
You are poisoned.
Casting: Petrify (extremely dangerous; 26% risk of failure)
Confirm with . or Enter, or press ? or * to list all spells.
The spell is extremely dangerous to cast (26% risk of failure)!
Continue anyway?
Aiming: Petrify (extremely dangerous; 26% risk of failure)
Press: ? - help, Shift-Dir - straight line, f/p - Crazy Yiuf
Aim: Crazy Yiuf, wielding a +3 quarterstaff of chaos and wearing a +0 cloak (chance to affect: 59%) Crazy Yiuf resists with significant effort.
You feel very sick.
Crazy Yiuf says, "Snower arm senile!"
Crazy Yiuf hits you with a +3 quarterstaff of chaos!
* * * LOW HITPOINT WARNING * * *
You are more poisoned.
* * * LOW HITPOINT WARNING * * *
You feel extremely sick.
It was a potion of degeneration.
There was something very wrong with that liquid.
You feel weakened.
You feel dopey.
You feel clumsy.
You die...

####.#....###...#..#.#......#
#
#.####..........#.#......####
#.# ###################...##
#.# #####...## #.###
#...'..... #.#.# ###
♣♣######..... #.#.# #)..#♣♣
♣♣....###..... #.#.#
#...'g♣♣♣♣......##..... #.#.#
#...#♣@.♣.............. #.#.#
### ♣♣♣.♣....######### #.#.#
♣♣♣♣♣###........ #.#.#
#.####### #.#.####### #.#
#... #.'.....#.# #.# #.##
###...###.# #.# #.#. #####
#.# #.# #.#. #.# #.# #.#.


You could see Crazy Yiuf.

Vanquished Creatures
  A scorpion (D:3)
  Ijyb (D:3)
  An orc wizard (D:3)
  A gnoll (D:1)
  An adder (D:3)
  2 worms (D:2)
  3 orcs (D:3)
  5 bats
  3 endoplasms
  4 giant cockroaches
  7 goblins
  3 hobgoblins
  3 quokkas
  7 ball pythons
  3 frilled lizards
  2 kobolds (D:2)
  2 rats (D:3)
49 creatures vanquished.

Notes
Turn   | Place    | Note
-------+----------+-------------------------------------------
     0 | D:1      | Atelerd the Octopode Earth Elementalist began the quest for
                  | the Orb.
     0 | D:1      | Reached XP level 1. HP: 11/11 MP: 3/3
    13 | D:1      | You fall into a shaft and drop 1 floor!
   318 | D:2      | Reached XP level 2. HP: 17/17 MP: 3/5
  1144 | D:2      | Reached XP level 3. HP: 21/21 MP: 1/6
  1311 | D:3      | Noticed Ijyb
  1320 | D:3      | Killed Ijyb
  1719 | D:1      | Found Alaseff's Weapon Boutique.
  1905 | D:1      | Reached XP level 4. HP: 23/27 MP: 8/8
  2004 | D:1      | Found a faded altar of an unknown god.
  2754 | D:3      | Reached skill level 4 in Earth Magic
  2832 | D:3      | Found Orhytut's Book Shoppe.
  2934 | D:3      | Found a runed translucent door.
  2935 | D:3      | Noticed Crazy Yiuf
  3056 | D:3      | Found a large runed translucent door.
  3056 | D:3      | Found a large runed translucent door.
  3062 | D:3      | Found a shimmering altar of Xom.
  3113 | D:3      | Noticed a scorpion
  3121 | D:3      | Killed a scorpion
  3122 | D:3      | Reached XP level 5. HP: 31/31 MP: 6/10
  3235 | D:3      | Found an ornate altar of the Wu Jian Council.
  4384 | D:3      | Learned a level 4 spell: Petrify
  4391 | D:3      | Succumbed to Crazy Yiuf's poison

Illustrated notes

Levels and vault maps discovered:
D:1:      lordsloth_arrival_two_stooges, layout_basic,
          shapermc_ecumenical_altar_ellora, serial_shops,
          nicolae_shop_temple_entry_statues_fountains, minmay_pentomino_z4
D:2:      layout_basic
D:3:      due_chaos_kobolds, layout_basic, nicolae_wu_jian_wuxing_cycle,
          serial_shops, shop, eino_tiny_chamber, kennysheep_generic_room_2,
          uniq_ijyb, uniq_crazy_yiuf_cottage

Skill      XL: |  1  2  3  4 |
---------------+-------------+-----
Transmutations | 2 |  2.0
Spellcasting   | 3 |  3.7
Earth Magic    | 4 |  4.6
Dodging        | |  2.0
Stealth        | |  2.6

Action                   |  1- 3 |  4- 6 || total
-------------------------+-------+-------++-------
Melee: Unarmed           |    11 |       ||    11
       Constrict         |     7 |    10 ||    17
       Dagger            |    14 |    38 ||    52
       Tentacles         |     2 |     5 ||     7
 Cast: Sandblast         |    33 |    16 ||    49
       Petrify           |       |     1 ||     1
  Use: Potion            |       |     1 ||     1
 Stab: Sleeping          |       |     7 ||     7
Armor: Skin              |     2 |     3 ||     5
Dodge: Dodged            |    19 |    31 ||    50
